 Dungeon Crawl Stone Soup version 0.18-a0-19-g8b99b3a (webtiles) character file.

802 kguciosek the Geomancer (level 7, 0/36 HPs)
             Began as a Gargoyle Earth Elementalist on Oct 30, 2015.
             Was an Initiate of Vehumet.
             Slain by Raultor's ghost (8 damage)
             ... on level 5 of the Dungeon on Nov 1, 2015.
             The game lasted 00:44:11 (4894 turns).

kguciosek the Geomancer (GrEE)                      Turns: 4894, Time: 00:44:11

Health: 0/36       AC: 10    Str: 11    XL:     7   Next: 90%
Magic:  5/14       EV: 12    Int: 21    God:    Vehumet [......]
Gold:   163        SH:  0    Dex: 10    Spells: 4 memorised, 4 levels left

rFire  . . .     SeeInvis .     a - 53 stones
rCold  . . .     Clarity  .     b - +0 robe
rNeg   + . .     SustAt   .     (no shield)
rPois  ∞         Gourm    .     e - +2 helmet
rElec  +         Spirit   .     A - +0 cloak
rCorr  .         Warding  .     (no gloves)
rMut   .         Stasis   .     (no boots)
MR     .....                    (no amulet)
Stlth  ++........               (no ring)
                                o - +3 ring of intelligence

@: not resistant to hostile enchantments, unstealthy
A: negative energy resistance 1, electricity resistance, unbreathing,
petrification resistance, rot immunity, AC +4
a: Renounce Religion


You were on level 5 of the Dungeon.
You worshipped Vehumet.
Vehumet was noncommittal.
You were not hungry.

You visited 2 branches of the dungeon, and saw 6 of its levels.

You collected 163 gold pieces.

Inventory:

Hand Weapons
 g - a +0 spear
 l - a +1 club
 s - a +0 flail
 x - a +1 flail of protection
Missiles
 a - 53 stones (in hand)
Armour
 b - a +0 robe (worn)
 e - a +2 helmet (worn)
 m - a +0 helmet
 u - a +1 helmet
 A - a +0 cloak (worn)
Jewellery
 o - a +3 ring of intelligence (left hand)
Scrolls
 q - a scroll of identify
 r - 2 scrolls of recharging
 v - a scroll of remove curse
 w - a scroll of enchant armour
 y - 3 scrolls of enchant weapon
Potions
 h - a potion of agility
 p - 2 potions of curing
Books
 c - a book of Geomancy

   Spells                             Type                      Level
   a - Sandblast                      Earth                        1
   b - Stoneskin                      Transmutation/Earth          2
   c - Passwall                       Transmutation/Earth          3
   d - Stone Arrow                    Conjuration/Earth            3
   e - Petrify                        Transmutation/Earth          4
   f - Lee's Rapid Deconstruction     Earth                        5
 n - a book of Power

   Spells                             Type                      Level
   a - Fulminant Prism                Conjuration/Hexes            4
   b - Iskenderun's Mystic Blast      Conjuration                  4
   c - Venom Bolt                     Conjuration/Poison           5
   d - Bolt of Magma                  Conjuration/Fire/Earth       5
   e - Iron Shot                      Conjuration/Earth            6
   f - Orb of Destruction             Conjuration                  7
   g - Spellforged Servitor           Conjuration/Summoning        7
Comestibles
 d - 2 bread rations
 f - 6 chunks of flesh
 i - 2 meat rations
 j - 2 slices of pizza
 t - a royal jelly


   Skills:
 - Level 1.5 Dodging
 - Level 2.2 Stealth
 + Level 4.7 Spellcasting
 * Level 2.5 Conjurations
 + Level 0.7 Transmutations
 * Level 8.6 Earth Magic


You had 4 spell levels left.
You knew the following spells:

 Your Spells              Type           Power        Failure   Level  Hunger
a - Sandblast             Erth           #####.       1%          1    None
b - Stoneskin             Trmt/Erth      ###.....     2%          2    #......
c - Stone Arrow           Conj/Erth      ####..       3%          3    ##.....
d - Lee's Rapid Deconstr  Erth           #####.....   12%         5    ######.


Dungeon Overview and Level Annotations

Branches:
Dungeon (5/15)             Temple (1/1) D:4

Altars:
Ashenzari
Fedhas
Makhleb
Okawaru
Qazlal
Vehumet
Xom
Yredelemnul
Zin
The Shining One

Annotations:
D:5 Raultor's ghost, novice GrGl


Innate Abilities, Weirdness & Mutations

You are resistant to torment.
Your stone body is resilient (AC +4).
You are immune to poison.
You resist negative energy.
You are resistant to electric shocks.
You can survive without breathing.
You are immune to petrification.
You are immune to rotting.


Message History

Your magical effects are unravelling.
You feel magically purged. Raultor's ghost hits you.
* * * LOW HITPOINT WARNING * * *
Casting: Sandblast
Confirm with . or Enter, or press ? or * to list all spells.
Aiming: Sandblast
Press: ? - help, Shift-Dir - straight line, f/p - Raultor's ghost
Aim: Raultor's ghost, wielding a weapon of electrocution (heavily damaged)
The rocky blast hits Raultor's ghost.
Raultor's ghost is heavily damaged.
You feel less woody.
Your +0 cloak unmelds from your body.
Your +2 helmet unmelds from your body.
Your +0 robe unmelds from your body.
Raultor's ghost hits you but does no damage.
Read which item? (? for menu, Esc to quit)
Okay, then.
Raultor's ghost hits you.
* * * LOW HITPOINT WARNING * * *
Raultor's ghost hits you!
You die...

######.# #.# ... #.#
... #.# #W# #.# #.# ##
#)# #.#### ##.##)####
#.##.##
##........####.#W..####
.....)..........@.....+
.#...#.##.####.#(..####
#..##.##.# #.##.## #..
..##.# .......
#.###.##.# .....##.# ..
..##.#.##.#.# .# ##.
####.#. #.#.# # ..#
#...#


You could see Raultor's ghost.

Vanquished Creatures
  2 ogres
  A scorpion (D:4)
  A hound (D:3)
  2 orc wizards
  A centaur skeleton (D:4)
  A giant frog skeleton (D:4)
  Ijyb (D:2)
  2 orc priests (D:5)
  Terence (D:2)
  A gnoll shaman (D:3)
  2 worker ants (D:4)
  A hound skeleton (D:4)
  6 gnolls
  7 adders
  4 oozes
  A worm (D:4)
  6 giant geckos
  6 orcs
  2 ball pythons
  4 giant cockroaches
  11 hobgoblins
  12 bats
  3 giant newts
  8 goblins
  15 jackals
  A jackal skeleton (D:4)
  9 kobolds
  3 quokkas
  12 rats
126 creatures vanquished.

Vanquished Creatures (others)
  A bat (D:2)
1 creature vanquished.

Grand Total: 127 creatures vanquished

Notes
Turn   | Place    | Note
--------------------------------------------------------------
     0 | D:1      | kguciosek the Gargoyle Earth Elementalist began the quest for the Orb.
     0 | D:1      | Reached XP level 1. HP: 10/10 MP: 3/3
    54 | D:1      | Reached skill level 4 in Earth Magic
   217 | D:1      | Reached XP level 2. HP: 12/15 MP: 0/5
   260 | D:1      | Learned a level 2 spell: Stoneskin
   451 | D:1      | Reached XP level 3. HP: 19/19 MP: 3/6
   836 | D:1      | Reached skill level 5 in Earth Magic
   853 | D:1      | Learned a level 3 spell: Stone Arrow
  1020 | D:1      | Reached XP level 4. HP: 24/24 MP: 3/8
  1753 | D:2      | Reached XP level 5. HP: 23/28 MP: 5/9
  2047 | D:2      | Found a basalt altar of Yredelemnul.
  2050 | D:2      | Found a glowing golden altar of the Shining One.
  2052 | D:2      | Noticed an angel
  2058 | D:2      | Noticed a profane servitor
  2235 | D:2      | Noticed Terence
  2240 | D:2      | Reached skill level 6 in Earth Magic
  2246 | D:2      | Killed Terence
  2278 | D:2      | Noticed Ijyb
  2294 | D:2      | Killed Ijyb
  2867 | D:3      | Upgraded the game from 0.18-a0-1-gfac8111 to 0.18-a0-5-gf1fb587
  3051 | D:3      | Reached XP level 6. HP: 32/32 MP: 6/11
  3074 | D:3      | Reached skill level 1 in Conjurations
  3194 | D:3      | Learned a level 5 spell: Lee's Rapid Deconstruction
  3240 | D:3      | Reached skill level 7 in Earth Magic
  3399 | D:3      | Found a shattered altar of Ashenzari.
  3585 | D:4      | Upgraded the game from 0.18-a0-5-gf1fb587 to 0.18-a0-19-g8b99b3a
  3736 | D:4      | Found a staircase to the Ecumenical Temple.
  3865 | Temple   | Entered the Ecumenical Temple
  4000 | Temple   | Became a worshipper of Vehumet
  4093 | D:4      | Reached XP level 7. HP: 36/36 MP: 7/13
  4133 | D:4      | Found a shimmering altar of Xom.
  4373 | D:4      | Reached skill level 8 in Earth Magic
  4757 | D:5      | Entered Level 5 of the Dungeon
  4837 | D:5      | Noticed Raultor's ghost (novice GrGl)
  4894 | D:5      | Slain by Raultor's ghost

Vault maps used:
D:1:      onia_arrival_handbag
D:2:      grunt_temple_overflow_holy_war, uniq_iyjb, uniq_terence
D:3:      ashenzari_altar_1
D:4:      old_standard_altar, minmay_temple_entry_junction
D:5:      trog_eyes_of_draining, first_bread, uniq_crazy_yiuf_cottage,
          uniq_edmund, uniq_eustachio
Temple:   circular_temple_6

Action                   |  1- 3 |  4- 6 |  7- 9 || total
-------------------------+-------+-------+-------++-------
Melee: Unarmed           |    38 |       |       ||    38
       Club              |     7 |       |       ||     7
       Flail             |       |    15 |     1 ||    16
 Cast: Sandblast         |    56 |   143 |    52 ||   251
  Use: Scroll            |       |     9 |     4 ||    13
       Potion            |       |     4 |     3 ||     7
  Eat: Chunk             |     1 |     6 |     2 ||     9
       Bread ration      |       |     1 |       ||     1
